Map: Dusk Towers

Players

Miszu

  • Race: Terran Terran
  • League: Grandmaster

Ambrosisk - Winner!

  • Race: Protoss Protoss
  • League: Grandmaster

VOD

Have the link to the VOD?

Description

Time

  • Played on: June 4, 2016, 4:33 p.m.
  • Length: 5:24
Show
View Real Time Build Order
Export as new Build Order

Miszu Terran 

Build Orders:  

Get SALT Encoding   

  12  0:01  SCV  
  13  0:13  SCV  
  14  0:17  Supply Depot  
  14  0:25  SCV  
  15  0:39  SCV  
  16  0:45  Barracks  
  16  0:49  Refinery  
  16  0:51  SCV  
  17  1:03  SCV  
  18  1:15  SCV  
  20  1:32  Orbital Command  
  20  1:33  Reaper  
  20  1:47  Command Center  
  20  1:51  Supply Depot  
  20  1:58  SCV  
  21  2:06  Barracks Reactor  
  21  2:10  SCV  
  21  2:13  Engineering Bay  
  22  2:20  Barracks  
  22  2:22  SCV  
  23  2:42  Marine x2  
  23  2:43  SCV  
  26  2:44  Terran Infantry Weapons Level 1  
  26  2:55  SCV  
  27  3:00  Marine x2, Orbital Command  
  29  3:07  SCV  
  29  3:09  Barracks Tech Lab  
  30  3:17  Marine  
  30  3:18  Marine  
  30  3:19  SCV  
  33  3:31  Marine, SCV  
  33  3:32  SCV  
  36  3:35  Barracks  
  36  3:37  Refinery  
  36  3:41  Marine  
  36  3:42  Marine  
  36  3:44  SCV x2  
  39  3:50  Missile Turret  
  39  3:51  Missile Turret  
  40  3:56  SCV x2  
  40  3:57  Supply Depot  
  43  4:05  Factory  
  43  4:07  Refinery  
  43  4:08  SCV  
  44  4:10  Marine  
  44  4:15  Refinery  
  44  4:16  Supply Depot  
  43  4:18  Supply Depot, SCV  
  43  4:20  SCV  
  43  4:23  Barracks Tech Lab  
  45  4:27  Marauder  
  45  4:30  SCV  
  48  4:32  SCV  
  48  4:34  Marine  
  48  4:35  Marine  
  51  4:42  Supply Depot, SCV  
  51  4:44  SCV  
  53  4:49  Starport  
  53  4:50  Factory Reactor  
  53  4:52  Marine  
  53  4:55  SCV  
  53  4:56  SCV  
  58  5:00  Marauder  
  58  5:03  Marauder  
Show
View Real Time Build Order
Export as new Build Order

Ambrosisk Protoss - Winner!

Build Orders: 1 Gate Expand 

Get SALT Encoding   

  12  0:01  Probe (Chrono Boost)  
  13  0:12  Probe (Chrono Boost)  
  14  0:17  Pylon  
  14  0:22  Probe (Chrono Boost)  
  15  0:35  Probe (Chrono Boost)  
  16  0:36  Gateway  
  16  0:46  Probe (Chrono Boost)  
  17  0:56  Probe (Chrono Boost)  
  18  1:07  Probe (Chrono Boost)  
  19  1:14  Nexus  
  19  1:18  Probe (Chrono Boost)  
  20  1:26  Cybernetics Core  
  20  1:29  Probe (Chrono Boost)  
  21  1:34  Assimilator  
  21  1:39  Assimilator  
  21  1:41  Probe (Chrono Boost)  
  22  1:48  Pylon  
  22  1:51  Probe (Chrono Boost)  
  23  2:06  Adept (Chrono Boost), Probe (Chrono Boost)  
  26  2:17  Warp Gate  
  26  2:18  Probe  
  27  2:25  Probe  
  28  2:30  Probe  
  28  2:36  Probe (Chrono Boost)  
  30  2:42  Probe (Chrono Boost)  
  31  2:46  Twilight Council  
  31  2:47  Probe (Chrono Boost)  
  32  2:55  Robotics Facility  
  32  2:57  Probe (Chrono Boost)  
  32  2:58  Probe (Chrono Boost)  
  34  3:05  Gateway  
  34  3:06  Gateway  
  34  3:07  Probe (Chrono Boost)  
  34  3:08  Probe (Chrono Boost)  
  37  3:20  Probe x2 (Chrono Boost)  
  37  3:26  Resonating Glaives  
  38  3:30  Probe (Chrono Boost)  
  38  3:31  Mothership Core (Chrono Boost)  
  41  3:49  Warp Prism  
  41  3:50  Probe (Chrono Boost)  
  44  3:56  Gateway  
  44  3:57  Gateway  
  44  3:59  Gateway  
  44  4:00  Gateway  
  44  4:03  Gateway  
  44  4:12  Pylon  
  44  4:15  Pylon  
  44  4:17  Pylon x2  
  44  4:27  Adept  
  44  4:31  Adept x2  
  50  4:48  Pylon  
  52  5:03  Adept  
  52  5:04  Adept x5  
  52  5:05  Adept x2  
Tags
 
Add a new tag
Caveats
  • Supply blocks, unpowered buildings, or Contaminate may cause inaccurate times.
  • Supply counts are checked every 10 seconds.